 Dungeon Crawl Stone Soup version 0.25.1-11-g244df3a29b (webtiles) character file.

Game seed: 5303683057871822646

165844 DeepDeath the Warrior (level 17, -5/158 HPs)
             Began as a Hill Orc Enchanter on Dec 21, 2023.
             Was a High Priest of Okawaru.
             Collided with a merfolk siren (23 damage)
             ... caused by a merfolk aquamancer
             ... on level 3 of the Shoals on Dec 23, 2023.
             The game lasted 03:45:43 (47556 turns).

DeepDeath the Warrior (Hill Orc Enchanter)         Turns: 47556, Time: 03:45:44

Health: -5/158     AC: 24    Str: 18    XL:     17   Next: 88%
Magic:  22/26      EV: 11    Int: 25    God:    Okawaru [*****.]
Gold:   239        SH:  5    Dex: 12    Spells: 17/24 levels left

rFire    + + .     SeeInvis +   v - +4 double sword (vamp)
rCold    + . .     Gourm    .   g - +0 buckler of Prudence {rN+ Slay+3}
rNeg     + + .     Faith    +   y - +2 chain mail {rF+}
rPois    +         Spirit   .   h - +2 helmet {SInv}
rElec    .         Reflect  .   L - +0 cloak of Zogauqai {rC+ rN+ MR+ Dex-2}
rCorr    .         Harm     .   D - +1 pair of gloves {Dex+3}
MR       +++..                  X - +0 pair of boots
Stlth    ..........             k - amulet of Soum Kui {Faith rF+ Int+5}
HPRegen  0.36/turn              S - ring of poison resistance
MPRegen  0.20/turn              R - ring "Orawuism" {MR+ Int+5}

@: finesse, flying
A: no striking features
a: Heroism, Finesse, Renounce Religion


You were on level 3 of the Shoals.
You worshipped Okawaru.
Okawaru was extremely pleased with you.
You were not hungry.

You visited 5 branches of the dungeon, and saw 27 of its levels.
You also visited: Gauntlet and Volcano.

You collected 2929 gold pieces.
You spent 2690 gold pieces at shops.

Inventory:

Hand Weapons
 d - a +1 double sword of holy wrath
 q - the +1 fustibalus of Fiozuh {venom, rElec rPois rC+++ Int-3}
   (You found it in a Gauntlet)

   It poisons the ammo it fires.
   It affects your intelligence (-3).
   It renders you almost immune to cold.
   It insulates you from electricity.
   It protects you from poison.
 s - a +2 scimitar of flaming
 v - a +4 vampiric double sword (weapon)
 w - a +7 long sword of freezing
Missiles
 r - 92 sling bullets
 A - 4 silver boomerangs (quivered)
 J - 63 javelins
 N - 2 throwing nets
 Z - 11 curare-tipped darts
Armour
 g - the +0 buckler of Prudence (worn) {rN+ Slay+3}
   (Okawaru gifted it to you on level 2 of the Orcish Mines)

   It affects your accuracy and damage with ranged weapons and melee attacks
   (+3).
   It protects you from negative energy.
 h - a +2 helmet of see invisible (worn)
 y - a +2 chain mail of fire resistance (worn)
 D - a +1 pair of gloves of dexterity (worn)
 L - the +0 cloak of Zogauqai (worn) {rC+ rN+ MR+ Dex-2}
   (Okawaru gifted it to you on level 9 of the Dungeon)

   It affects your dexterity (-2).
   It protects you from cold.
   It protects you from negative energy.
   It affects your resistance to hostile enchantments.
 M - a +2 chain mail of cold resistance
 X - a +0 pair of boots (worn)
Jewellery
 k - the amulet of Soum Kui (around neck) {Faith rF+ Int+5}
   (You found it in a Gauntlet)

   [amulet of faith]

   It allows you to gain divine favour quickly.
   It affects your intelligence (+5).
   It protects you from fire.
 o - an uncursed ring of protection from fire
 B - an uncursed ring of flight
 O - the ring of Springtime {rN+ rCorr}
   (You bought it in a shop on level 15 of the Dungeon)

   [ring of resist corrosion]

   It protects you from negative energy.
   It provides partial protection from all sources of acid and corrosion.
 R - the ring "Orawuism" (right hand) {MR+ Int+5}
   (You found it on level 6 of the Lair of Beasts)

   [ring of protection from magic]

   It affects your intelligence (+5).
   It affects your resistance to hostile enchantments.
 S - a ring of poison resistance (left hand)
Wands
 C - a wand of disintegration (13)
 H - a wand of digging (19)
 I - a wand of enslavement (15)
 K - a wand of acid (30)
 Q - a wand of paralysis (14)
 T - a wand of clouds (1)
 V - a wand of iceblast (31)
Scrolls
 n - 5 scrolls of remove curse
 p - 2 scrolls of magic mapping
 x - a scroll of fog
 z - 9 scrolls of identify
 G - 2 scrolls of blinking
 P - 9 scrolls of teleportation
 U - 4 scrolls of fear
Potions
 b - 5 potions of heal wounds
 c - 8 potions of curing
 e - a potion of invisibility
 i - 4 potions of cancellation
 j - 5 potions of stabbing
 l - a potion of ambrosia
 m - 4 potions of brilliance
 t - 3 potions of haste
 u - 2 potions of flight
 E - 4 potions of resistance
 W - a potion of might
Miscellaneous
 a - a lightning rod (4/4)
 Y - a phial of floods
Comestibles
 f - 44 rations


   Skills:
 - Level 16.0 Fighting
   Level 8.9(12.4) Short Blades
 - Level 15.0(16.0) Long Blades
 - Level 6.1(8.0) Slings
 - Level 7.8(8.8) Throwing
 - Level 14.0 Armour
 * Level 7.8 Dodging
 - Level 3.0 Stealth
 - Level 7.0 Shields
 - Level 4.0 Spellcasting
 - Level 4.0 Conjurations
 - Level 6.0 Hexes
 - Level 12.0 Invocations
 - Level 2.0 Evocations


You had 17 spell levels left.
You knew the following spells:

 Your Spells              Type           Power        Failure   Level  Hunger
c - Corona                Hex            #####..      5%          1    None
h - Dazzling Flash        Conj/Hex       ####..       24%         3    ##.....
t - Tukima's Dance        Hex            #####...     16%         3    ##.....

Your spell library contained the following spells:

 Spells                   Type           Power        Failure   Level  Hunger
 Confusing Touch          Hex            #####...     16%         3    ##.....
 Ensorcelled Hibernation  Hex/Ice        ###...       26%         2    None
 Summon Guardian Golem    Hex/Summ       ###.....     47%         3    ##.....
 Summon Butterflies       Summ           #.......     52%         1    None
 Summon Small Mammal      Summ           #...         52%         1    None
 Conjure Flame            Conj/Fire      ###.....     63%         3    ##.....
 Stone Arrow              Conj/Erth      ###...       63%         3    ##.....
 Call Imp                 Summ           #.......     67%         2    None
 Corpse Rot               Necr/Air       N/A          67%         2    None
 Poisonous Vapours        Pois/Air       #.....       67%         2    None
 Sublimation of Blood     Necr           #.........   67%         2    None
 Mephitic Cloud           Conj/Pois/Air  ##......     73%         3    ##.....
 Call Canine Familiar     Summ           #.......     88%         3    ##.....
 Gell's Gravitas          Tloc           #.........   88%         3    ##.....
 Ignite Poison            Fire/Tmut/Pois #.......     88%         3    ##.....
 Petrify                  Tmut/Erth      #.......     99%         4    ####...
 Summon Ice Beast         Ice/Summ       #.......     99%         4    ####...
 Summon Lightning Spire   Summ/Air       #.......     99%         4    ####...
 Metabolic Englaciation   Hex/Ice        ###.......   99%         5    #####..
 Summon Mana Viper        Hex/Summ       ###.....     99%         5    #####..
 Yara's Violent Unravell  Hex/Tmut       ###.......   99%         5    #####..
 Alistair's Intoxication  Tmut/Pois      #.......     100%        5    #####..
 Bolt of Magma            Conj/Fire/Erth ##........   100%        5    #####..
 Irradiate                Conj/Tmut      ###.......   100%        5    #####..
 Iskenderun's Battlesphe  Conj/Chrm      ###.....     100%        5    #####..
 Summon Forest            Summ/Tloc      #.........   100%        5    #####..
 Eringya's Noxious Bog    Tmut/Pois      #.........   100%        6    #######
 Freezing Cloud           Conj/Ice/Air   ##........   100%        6    #######
 Hydra Form               Tmut           #.........   100%        6    #######
 Iron Shot                Conj/Erth      ###.......   100%        6    #######
 Orb of Destruction       Conj           ####......   100%        7    #######
 Ring of Flames           Chrm/Fire      #.........   100%        7    #######
 Spellforged Servitor     Conj/Summ      ###.......   100%        7    #######
 Summon Hydra             Summ           #.........   100%        7    #######


Dungeon Overview and Level Annotations

Branches:
Dungeon (15/15)            Temple (0/1) D:5            Lair (6/6) D:9
 Shoals (3/4) Lair:4       Spider (1/4) Lair:4        Slime (0/5) Lair:5
    Orc (2/2) D:9             Elf (0/3) Orc:2        Vaults (0/5) D:13
 Depths (0/5) D:15        Volcano (visited)         Gauntlet (visited)

Altars:
Ashenzari
Cheibriados
Dithmenos
Hepliaklqana
Kikubaaqudgha
Makhleb
Nemelex Xobeh
Okawaru
Ru
Uskayaw
Vehumet
Wu Jian
Xom
The Shining One
Beogh
Jiyva

Shops:
D:4 *   D:6 !   D:9 ?   D:15 =   Orc:2 (!?:   Shoals:2 ?*[

Annotations:
D:14 2 transporters, Uummannaq's ghost, journeyman MiFi
Lair:5 1 runed translucent door
Orc:1 2 runed translucent doors, exclusion: orange crystal statue
Orc:2 3 runed translucent doors, waltergilman's ghost, journeyman HOFi


Message History

The merfolk aquamancer points at you and mumbles some strange words.
The shard of ice hits you! You partially resist.
* * * LOW HITPOINT WARNING * * *
Unknown command.
The merfolk aquamancer is engulfed in a cloud of scalding steam.
The merfolk aquamancer gestures at you while chanting.
You block the torrent of water.
The wave splashes down.
The merfolk hits you from afar with a +0 trident!
* * * LOW HITPOINT WARNING * * *
Your merfolk siren barely misses the merfolk aquamancer.
Your merfolk impaler misses the merfolk aquamancer.
Your manticore barely misses the merfolk.
Your manticore completely misses the merfolk.
Your manticore barely misses the merfolk.
The merfolk aquamancer casts a spell at you.
The torrent of water hits you!!
* * * LOW HITPOINT WARNING * * *
You are knocked back by the torrent of water.
You collide with your merfolk siren!
You die...

≈≈≈.#≈≈≈≈≈≈≈≈≈≈≈
≈≈≈≈≈≈≈≈≈≈≈≈≈≈≈≈
≈≈≈≈≈≈≈≈≈≈≈≈≈≈# ≈≈
#≈≈≈≈≈≈≈≈≈≈.# ≈≈≈
#≈≈≈≈mm≈≈≈..# ≈≈≈≈
#≈≈..≈≈mmH. #≈≈≈≈
#..≈mm§# #≈≈≈≈≈ ##
#..@§m###≈≈≈≈≈≈
≈≈####m###.≈≈≈≈≈≈≈
≈≈≈.##≈≈...≈≈≈≈≈≈≈
≈≈≈..####..≈≈≈≈≈≈≈
≈≈≈≈≈.........≈≈≈≈≈≈
≈≈≈≈≈≈........^.≈≈≈≈≈
≈≈≈≈≈≈..........≈≈≈≈≈
≈≈≈≈≈≈≈.........≈≈≈≈≈
≈≈≈≈≈≈≈.........≈≈≈≈≈


You could see 2 merfolk aquamancers, a merfolk, a friendly merfolk impaler
(summoned), 3 friendly merfolk, a friendly manticore (summoned) and a friendly
merfolk siren (summoned).

Vanquished Creatures
  5 krakens (Shoals:2)
  Polyphemus (Shoals:3)
  Gastronok (D:8)
  Donald (Orc:2)
  A fire giant (D:15)
  An orc warlord (Orc:1)
  Aizul (Spider:1)
  An entropy weaver (Spider:1)
  Azrael (D:14)
  A minotaur (Gauntlet)
  2 merfolk javelineers
  Josephine (Lair:6)
  A merfolk impaler (Shoals:1)
  Fannar (Lair:2)
  Erolcha (Orc:2)
  8 hydras
  3 merfolk avatars
  A catoblepas (Shoals:3)
  8 vault guards (D:13)
  3 centaur warriors (D:15)
  A merfolk aquamancer (Shoals:3)
  7 two-headed ogres
  8 death yaks
  A hell hog (Volcano)
  2 ogre magi (Orc:2)
  A satyr (Shoals:3)
  Urug (Lair:2)
  Nergalle (Orc:2)
  Sonja (Lair:5)
  A fire crab (Volcano)
  4 sixfirhies (Gauntlet)
  4 sea snakes
  An unseen horror (D:14)
  13 harpies
  Pikel (D:7)
  4 orc knights
  7 wolf spiders (Spider:1)
  22 fauns
  17 ugly things
  4 oklob plants (Lair:2)
  5 orb spiders
  8 orc sorcerers
  5 cyclopes
  4 manticores
  Maurice (D:8)
  17 elephants
  4 black mambas
  7 merfolk sirens
  4 centaur zombies
  3 water nymphs
  2 torpor snails
  An ice statue (Shoals:1)
  2 molten gargoyles (Volcano)
  2 kobold demonologists
  15 spiny frogs
  8 komodo dragons
  5 rime drakes
  6 demonic crawlers
  A queen bee (Lair:2)
  7 trolls
  4 jumping spiders (Spider:1)
  10 merfolk
  7 polar bears
  6 wind drakes
  2 hornets (Lair:6)
  13 blink frogs
  Grinder (D:3)
  8 hippogriffs
  A hippogriff (shapeshifter) (D:13)
  3 snapping turtles
  18 dream sheep
  3 wyverns
  10 tarantellas (Spider:1)
  The ghost of yourfavgirlally the Ruffian, an amateur TrFi (D:7)
  6 wraiths
  6 redbacks (Spider:1)
  5 shadows (Gauntlet)
  3 fire elementals (D:14)
  3 vampire mosquitoes (D:15)
  Grum (D:8)
  A water elemental (Shoals:2)
  38 yaks
  9 fire bats (Volcano)
  7 basilisks
  2 steam dragons
  2 hungry ghosts
  4 wargs
  2 swamp worms (Lair:2)
  Edmund (D:4)
  5 hell hounds
  Duvessa (D:7)
  9 porcupines
  17 water moccasins
  24 orc warriors
  2 slaves (D:7)
  4 ice beasts
  3 sky beasts
  10 black bears
  15 ogres
  3 wolves (D:8)
  A phantom (D:3)
  2 necrophages
  9 centaurs
  16 crocodiles
  2 big kobolds
  2 gnoll sergeants
  28 bullfrogs
  A water moccasin zombie (D:11)
  2 wyvern skeletons
  Dowan (D:7)
  3 scorpions
  A water moccasin skeleton (D:6)
  23 killer bees (Lair:2)
  7 wights
  An electric eel (Spider:1)
  A howler monkey (D:13)
  8 crimson imps
  4 bullfrog zombies (D:6)
  7 lava snakes (Volcano)
  A quasit (D:12)
  3 bullfrog skeletons
  An iron imp (D:6)
  16 orc priests
  7 hounds
  4 jellies
  4 centaur skeletons
  45 orc wizards
  5 iguanas
  10 worker ants
  2 killer bee zombies (D:6)
  2 hound skeletons
  A worker ant zombie (D:8)
  13 gnolls
  7 adders
  5 shadow imps
  7 oozes
  8 adder zombies
  An adder skeleton (D:6)
  3 dart slugs
  6 leopard geckos
  126 orcs
  7 bats
  3 giant cockroaches
  7 goblins
  7 hobgoblins
  13 jackals
  5 quokkas
  4 frilled lizards
  A giant cockroach zombie (D:6)
  A jackal skeleton (D:7)
  9 kobolds
  9 rats
  6 plants
  12 tentacles (Shoals:2)
1001 creatures vanquished.

Vanquished Creatures (collateral kills)
  A merfolk aquamancer (Shoals:3)
1 creature vanquished.

Vanquished Creatures (others)
  A jumping spider (Spider:1)
  A worm (D:4)
  An orc (Orc:2)
  32 fungi
  38 plants
  38 tentacles (Shoals:2)
111 creatures vanquished.

Grand Total: 1113 creatures vanquished

Notes
Turn   | Place    | Note
-------+----------+-------------------------------------------
     0 | D:1      | DeepDeath the Hill Orc Enchanter began the quest for the
                  | Orb.
     0 | D:1      | Reached XP level 1. HP: 14/14 MP: 3/3
   377 | D:1      | Reached XP level 2. HP: 7/22 MP: 2/4
   695 | D:1      | Reached skill level 1 in Fighting
  1483 | D:1      | Reached XP level 3. HP: 28/28 MP: 5/5
  2098 | D:2      | Learned a level 3 spell: Tukima's Dance
  2673 | D:3      | Reached XP level 4. HP: 30/35 MP: 5/7
  2746 | D:2      | Reached skill level 1 in Throwing
  2746 | D:2      | Reached skill level 2 in Fighting
  2838 | D:2      | Found a sparkling altar of Nemelex Xobeh.
  2862 | D:3      | Found an iron altar of Okawaru.
  2870 | D:3      | Became a worshipper of Warmaster Okawaru
  3046 | D:3      | Reached skill level 1 in Long Blades
  3046 | D:3      | Reached skill level 1 in Invocations
  3046 | D:3      | Reached XP level 5. HP: 16/41 MP: 6/8
  4162 | D:4      | Reached XP level 6. HP: 48/48 MP: 9/9
  4193 | D:4      | Noticed Grinder
  4502 | D:4      | Found a shimmering altar of Xom.
  4530 | D:4      | Noticed a phantom
  4734 | D:4      | Found a radiant altar of Vehumet.
  4925 | D:4      | Noticed Edmund
  4934 | D:4      | Killed Edmund
  4934 | D:4      | Reached * piety under Okawaru
  4934 | D:4      | Reached skill level 5 in Long Blades
  4934 | D:4      | Reached XP level 7. HP: 55/55 MP: 10/10
  4973 | D:4      | Found Woinuxei's General Store.
  4978 | D:4      | Bought a potion of curing for 36 gold pieces
  5235 | D:3      | Killed Grinder
  5328 | D:4      | Reached skill level 1 in Armour
  5512 | D:5      | Entered Level 5 of the Dungeon
  5704 | D:5      | Found a staircase to the Ecumenical Temple.
  5794 | D:5      | Found a hide-covered altar of Uskayaw.
  6159 | D:4      | Bought the +1 robe of the Final Wars {+Fly Regen+ Stlth-}
                  | for 160 gold pieces
  6258 | D:6      | Reached skill level 1 in Shields
  6258 | D:6      | Reached XP level 8. HP: 60/61 MP: 11/11
  6414 | D:5      | Reached ** piety under Okawaru
  6738 | D:6      | Found a glowing golden altar of the Shining One.
  6803 | D:6      | Found a burning altar of Makhleb.
  6827 | D:6      | Found Zuny's Distillery.
  6830 | D:6      | Bought a potion of invisibility for 88 gold pieces
  6842 | D:6      | Found a shadowy altar of Dithmenos.
  6862 | D:6      | Found a snail-covered altar of Cheibriados.
  7032 | D:6      | Reached skill level 3 in Fighting
  7150 | D:6      | Found a shattered altar of Ashenzari.
  7289 | D:6      | Bought a potion of curing for 33 gold pieces
  7308 | D:7      | Found a transporter.
  7322 | D:7      | Noticed Duvessa
  7343 | D:7      | Killed Duvessa
  7351 | D:7      | Noticed Dowan
  7431 | D:7      | Killed Dowan
  7431 | D:7      | Reached XP level 9. HP: 70/70 MP: 8/12
  7585 | D:7      | Found a transporter.
  7587 | D:7      | Noticed yourfavgirlally's ghost (amateur TrFi)
  7723 | D:7      | Noticed Pikel
  7745 | D:7      | Killed Pikel
  7745 | D:7      | Reached *** piety under Okawaru
  7745 | D:7      | Reached skill level 4 in Fighting
  7745 | D:7      | Reached skill level 5 in Invocations
  7975 | D:8      | Noticed Gastronok
  8020 | D:8      | Killed Gastronok
  8020 | D:8      | Reached **** piety under Okawaru
  8020 | D:8      | Reached ***** piety under Okawaru
  8020 | D:8      | Reached skill level 5 in Fighting
  8020 | D:8      | Reached skill level 5 in Shields
  8020 | D:8      | Reached skill level 1 in Evocations
  8020 | D:8      | Reached XP level 10. HP: 32/81 MP: 11/14
  8109 | D:8      | Noticed Maurice
  8127 | D:8      | Killed Maurice
  8204 | D:8      | Found a sacrificial altar of Ru.
  8215 | D:8      | Noticed Grum
  8235 | D:8      | Killed Grum
  8647 | D:6      | Bought a potion of heal wounds for 55 gold pieces
  8647 | D:6      | Bought 2 potions of lignification for 66 gold pieces
  8748 | D:9      | Found a staircase to the Lair.
  8978 | D:9      | Found a staircase to the Orcish Mines.
  9097 | D:9      | Reached XP level 11. HP: 83/86 MP: 15/15
  9305 | D:9      | Found Heaqeg's Magic Scroll Boutique.
  9317 | D:9      | Bought a scroll of fear for 45 gold pieces
  9401 | D:9      | Noticed a two-headed ogre
  9406 | D:9      | Killed a two-headed ogre
  9406 | D:9      | Received a gift from Okawaru
  9835 | D:9      | Noticed a two-headed ogre
  9867 | D:9      | Killed a two-headed ogre
  9867 | D:9      | Received a gift from Okawaru
  9867 | D:9      | Reached skill level 6 in Fighting
  9878 | D:9      | Got a blackened cloak {god gift}
  9932 | D:9      | Found an ornate altar of the Wu Jian Council.
 10011 | Lair:1   | Entered Level 1 of the Lair of Beasts
 10116 | Lair:1   | Found a gate leading to a gauntlet.
 10153 | Gauntlet | Entered a Gauntlet
 10153 | Gauntlet | Found a transporter.
 10155 | Gauntlet | Noticed a brown ugly thing
 10156 | Gauntlet | Found a transporter.
 10156 | Gauntlet | Noticed a great orb of eyes
 10169 | Gauntlet | Found a transporter.
 10174 | Gauntlet | Found a transporter.
 10182 | Gauntlet | Noticed a thrashing horror
 10190 | Gauntlet | Found a transporter.
 10204 | Gauntlet | Found a transporter.
 10207 | Gauntlet | Found a transporter.
 10211 | Gauntlet | Found a transporter.
 10211 | Gauntlet | Noticed a sixfirhy
 10212 | Gauntlet | Noticed a sixfirhy
 10234 | Gauntlet | Found a large runed translucent door.
 10234 | Gauntlet | Found a large runed translucent door.
 10235 | Gauntlet | Found a large runed translucent door.
 10235 | Gauntlet | Found a large runed translucent door.
 10236 | Gauntlet | Found a large runed translucent door.
 10236 | Gauntlet | Found a large runed translucent door.
 10237 | Gauntlet | Found a runed translucent gate.
 10237 | Gauntlet | Found a runed translucent door.
 10238 | Gauntlet | Found a transporter.
 10238 | Gauntlet | Found a runed translucent gate.
 10239 | Gauntlet | Found a runed translucent gate.
 10239 | Gauntlet | Found a runed translucent door.
 10240 | Gauntlet | Found a large runed translucent door.
 10240 | Gauntlet | Found a large runed translucent door.
 10241 | Gauntlet | Found a large runed translucent door.
 10241 | Gauntlet | Noticed a large abomination
 10242 | Gauntlet | Found a large runed translucent door.
 10251 | Gauntlet | Found a large runed translucent door.
 10251 | Gauntlet | Found a large runed translucent door.
 10252 | Gauntlet | Found a large runed translucent door.
 10253 | Gauntlet | Found a large runed translucent door.
 10255 | Gauntlet | Found a transporter.
 10259 | Gauntlet | Found a transporter.
 10262 | Gauntlet | Found a large runed translucent door.
 10262 | Gauntlet | Found a large runed translucent door.
 10271 | Gauntlet | Found a transporter.
 10281 | Gauntlet | Noticed a sixfirhy
 10284 | Gauntlet | Noticed a sixfirhy
 10397 | Gauntlet | Killed a sixfirhy
 10397 | Gauntlet | Killed a sixfirhy
 10400 | Gauntlet | Killed a sixfirhy
 10416 | Gauntlet | Killed a sixfirhy
 10418 | Gauntlet | Got a faintly glowing fustibalus
 10459 | Gauntlet | Reached skill level 7 in Fighting
 10459 | Gauntlet | Reached skill level 5 in Hexes
 10498 | Gauntlet | Got a scorched ruby amulet
 10507 | Gauntlet | Identified the amulet of Soum Kui {Faith rF+ Int+5} (You
                  | found it in a Gauntlet)
 10512 | Gauntlet | Learned a level 3 spell: Dazzling Flash
 10530 | Gauntlet | Noticed a minotaur
 10563 | Gauntlet | Killed a minotaur
 10563 | Gauntlet | Reached skill level 1 in Conjurations
 10644 | Gauntlet | Got a transparent chain mail
 10661 | Gauntlet | Identified the cursed +1 chain mail "Hagydaun" {Dex+3} (You
                  | found it in a Gauntlet)
 10672 | Gauntlet | Identified the +0 cloak of Zogauqai {rC+ rN+ MR+ Dex-2}
                  | (Okawaru gifted it to you on level 9 of the Dungeon)
 10789 | Lair:1   | Reached XP level 12. HP: 100/100 MP: 19/19
 10828 | Lair:1   | Found a hazy altar of Hepliaklqana.
 10997 | Lair:1   | Received a gift from Okawaru
 11007 | Lair:1   | Reached skill level 8 in Fighting
 11133 | Lair:1   | Reached skill level 10 in Invocations
 11188 | Lair:1   | You fall into a shaft and drop 1 floor!
 11208 | Lair:2   | Noticed Urug
 11331 | Lair:2   | Killed Urug
 11370 | Lair:2   | Found a dark tunnel.
 11547 | Volcano  | Entered a volcano
 11586 | Volcano  | Reached skill level 9 in Fighting
 11841 | Volcano  | Found a bloodstained altar of Trog.
 11841 | Volcano  | Noticed a hell hog
 11844 | Volcano  | Reached skill level 5 in Throwing
 11867 | Volcano  | Killed a hell hog
 11867 | Volcano  | Reached ****** piety under Okawaru
 11869 | Volcano  | Received a gift from Okawaru
 12669 | Lair:1   | Reached skill level 10 in Fighting
 12890 | Lair:1   | Identified the cursed +1 fustibalus of Fiozuh {venom, rElec
                  | rPois rC+++ Int-3} (You found it in a Gauntlet)
 13598 | Lair:2   | Reached XP level 13. HP: 113/113 MP: 22/22
 14191 | Lair:2   | Noticed Fannar
 14218 | Lair:2   | Killed Fannar
 14753 | Lair:3   | Received a gift from Okawaru
 14765 | Lair:3   | Reached skill level 11 in Fighting
 15391 | Lair:3   | Received a gift from Okawaru
 15391 | Lair:3   | Reached skill level 5 in Short Blades
 16100 | Lair:4   | Received a gift from Okawaru
 16106 | Lair:4   | Got a brightly glowing kite shield {god gift}
 16107 | Lair:4   | Identified the +10 kite shield of Cynicism {rC- Regen+
                  | Str+6} (Okawaru gifted it to you on level 4 of the Lair of
                  | Beasts)
 16642 | Lair:4   | Found a hole to the Spider Nest.
 17355 | Lair:4   | Found a staircase to the Shoals.
 17686 | Lair:4   | Reached skill level 1 in Slings
 18614 | Lair:5   | Reached skill level 5 in Armour
 18622 | Lair:5   | Reached skill level 12 in Fighting
 18862 | Lair:5   | Reached XP level 14. HP: 55/126 MP: 17/23
 19235 | Lair:5   | Found a runed translucent door.
 19236 | Lair:5   | Found a viscous altar of Jiyva.
 19248 | Lair:5   | Found a staircase to the Slime Pits.
 19835 | Lair:5   | Noticed Sonja
 19840 | Lair:5   | Killed Sonja
 20054 | Lair:5   | Received a gift from Okawaru
 20736 | D:9      | Bought a scroll of enchant weapon for 97 gold pieces
 20736 | D:9      | Bought a scroll of magic mapping for 45 gold pieces
 21094 | Lair:2   | Got a crude spear
 21403 | D:7      | Killed yourfavgirlally's ghost
 22741 | D:10     | Entered Level 10 of the Dungeon
 23841 | D:11     | Received a gift from Okawaru
 24555 | D:11     | Reached skill level 13 in Fighting
 24660 | D:11     | Received a gift from Okawaru
 25376 | Orc:1    | Entered Level 1 of the Orcish Mines
 25416 | Orc:1    | Noticed an orc warlord
 25451 | Orc:1    | Killed an orc warlord
 25742 | Orc:1    | Found the +10 tower shield of Ignorance {rN+ Int-4}
 25753 | Orc:1    | Found a runed translucent door.
 26066 | Orc:1    | Found a runed translucent door.
 26595 | Orc:2    | Entered Level 2 of the Orcish Mines
 26607 | Orc:2    | Noticed Donald
 26630 | Orc:2    | Killed Donald
 26935 | Orc:2    | Found a staircase to the Elven Halls.
 27099 | Orc:2    | Found a runed translucent gate.
 27099 | Orc:2    | Found a runed translucent gate.
 27099 | Orc:2    | Found a runed translucent gate.
 27100 | Orc:2    | Noticed waltergilman's ghost (journeyman HOFi)
 27413 | Orc:2    | Received a gift from Okawaru
 27782 | Orc:2    | Found a roughly hewn altar of Beogh.
 28058 | Orc:2    | Received a gift from Okawaru
 28074 | Orc:2    | Reached XP level 15. HP: 113/137 MP: 24/24
 28223 | Orc:2    | Found Nisier's Antique Weapon Boutique.
 28387 | Orc:2    | Found a radiant altar of Vehumet.
 28387 | Orc:2    | Noticed Erolcha
 28411 | Orc:2    | Killed Erolcha
 28411 | Orc:2    | Received a gift from Okawaru
 28434 | Orc:2    | Identified the +0 buckler of Prudence {rN+ Slay+3} (Okawaru
                  | gifted it to you on level 2 of the Orcish Mines)
 28464 | Orc:2    | Found Beub's Distillery.
 28525 | Orc:2    | Noticed Nergalle
 28537 | Orc:2    | Killed Nergalle
 28575 | Orc:2    | Bought a potion of heal wounds for 80 gold pieces
 28591 | Orc:2    | Found an ancient bone altar of Kikubaaqudgha.
 28607 | Orc:2    | Reached skill level 14 in Fighting
 28628 | Orc:2    | Found a roughly hewn altar of Beogh.
 28628 | Orc:2    | Found Isaqileu's Book Shop.
 28629 | Orc:2    | Found Riedoam's Magic Scroll Boutique.
 28643 | Orc:2    | Bought a scroll of summoning for 142 gold pieces
 28643 | Orc:2    | Bought a scroll of identify for 30 gold pieces
 28726 | Orc:2    | Bought a double sword for 555 gold pieces
 28757 | Orc:2    | Bought a scroll of brand weapon for 300 gold pieces
 28762 | Orc:2    | Bought a scroll of enchant weapon for 112 gold pieces
 28779 | Orc:2    | Bought 2 potions of might for 128 gold pieces
 29182 | Lair:6   | Entered Level 6 of the Lair of Beasts
 31283 | Lair:6   | Received a gift from Okawaru
 31353 | Lair:6   | Noticed Josephine
 31699 | Lair:6   | Killed Josephine
 31699 | Lair:6   | Received a gift from Okawaru
 31754 | Lair:6   | Got a coiled glass ring
 31768 | Lair:6   | Identified the ring "Orawuism" {MR+ Int+5} (You found it on
                  | level 6 of the Lair of Beasts)
 32865 | D:12     | Received a gift from Okawaru
 33735 | D:12     | Reached skill level 10 in Armour
 34433 | D:13     | Found a gate to the Vaults.
 34529 | D:13     | Reached XP level 16. HP: 110/146 MP: 19/25
 34783 | D:13     | Received a gift from Okawaru
 35473 | D:14     | Noticed Azrael
 35489 | D:14     | Killed Azrael
 35489 | D:14     | Reached skill level 15 in Long Blades
 35798 | D:14     | Received a gift from Okawaru
 35859 | D:14     | Noticed Uummannaq's ghost (journeyman MiFi)
 35861 | D:14     | Found a transporter.
 35875 | D:14     | Found a transporter.
 36631 | D:15     | Entered Level 15 of the Dungeon
 36990 | D:15     | Reached skill level 5 in Slings
 36993 | D:15     | Received a gift from Okawaru
 37043 | D:15     | Found Ziritugurgh's Jewellery Boutique.
 37053 | D:15     | Bought the ring of Springtime {rN+ rCorr} for 468 gold
                  | pieces
 37435 | D:15     | Found a staircase to the Depths.
 37753 | D:15     | Received a gift from Okawaru
 38141 | D:13     | Identified the +1 robe of the Ageless Nights {rN+ Dex+3
                  | Stlth+} (You found it on level 13 of the Dungeon)
 38291 | Lair:2   | Identified the cursed +2 spear of Righteous Anger {vorpal,
                  | MP+9 Str+2 Dex+2} (You found it on level 2 of the Lair of
                  | Beasts)
 38512 | Shoals:1 | Entered Level 1 of the Shoals
 38593 | Shoals:1 | Got a scorched great sword
 38596 | Shoals:1 | Identified the +2 great sword "Wuawemp" {freeze, Int-5
                  | Dex+5 Stlth+} (You found it on level 1 of the Shoals)
 38650 | Shoals:1 | Received a gift from Okawaru
 39377 | Shoals:1 | Received a gift from Okawaru
 40017 | Shoals:1 | Received a gift from Okawaru
 40218 | Shoals:1 | Received a gift from Okawaru
 40893 | Shoals:2 | Reached XP level 17. HP: 50/154 MP: 22/26
 41197 | Shoals:2 | Received a gift from Okawaru
 41666 | Shoals:2 | Noticed a kraken
 41938 | Shoals:2 | Killed a kraken
 41938 | Shoals:2 | Reached skill level 15 in Fighting
 41958 | Shoals:2 | Noticed a kraken
 42401 | Shoals:2 | Killed a kraken
 42401 | Shoals:2 | Received a gift from Okawaru
 42408 | Shoals:2 | Got a brightly glowing hat {god gift}
 42416 | Shoals:2 | Identified the +0 hat "Turhog" {rN+ Regen+ Int-5} (Okawaru
                  | gifted it to you on level 2 of the Shoals)
 42505 | Shoals:2 | Noticed a kraken
 42527 | Shoals:2 | Killed a kraken
 42527 | Shoals:2 | Reached skill level 5 in Dodging
 42707 | Shoals:2 | Noticed a kraken
 42731 | Shoals:2 | Killed a kraken
 42953 | Shoals:2 | Found Uwnesha's Antique Armour Emporium.
 43041 | Shoals:2 | Noticed a kraken
 43072 | Shoals:2 | Killed a kraken
 43341 | Shoals:2 | Found Aseushro's Assorted Antiques.
 43591 | Shoals:2 | Found Qeugeupi's Magic Scroll Shoppe.
 43604 | Shoals:2 | Bought a scroll of identify for 20 gold pieces
 43604 | Shoals:2 | Bought a scroll of identify for 20 gold pieces
 44029 | Shoals:2 | Bought a runed chain mail for 210 gold pieces
 44225 | Spider:1 | Entered Level 1 of the Spider Nest
 44322 | Spider:1 | Noticed Aizul
 44347 | Spider:1 | Killed Aizul
 46345 | Shoals:3 | Noticed Polyphemus
 46793 | Shoals:3 | Received a gift from Okawaru
 46804 | Shoals:3 | Received a gift from Okawaru
 46926 | Shoals:3 | Reached skill level 16 in Fighting
 47438 | Shoals:3 | Killed Polyphemus
 47556 | Shoals:3 | Collided with a merfolk siren

Illustrated notes

Levels and vault maps discovered:
D:1:      dpeg_arrival_round_a, layout_basic
D:2:      layout_basic, nicolae_overflow_hidden_temple, first_ration
D:3:      layout_basic, nicolae_overflow_crystal_walls
D:4:      layout_layer_cave, fiery_altar_vehumet, lemuel_doored_altar,
          serial_shops, kennysheep_little_box, uniq_edmund, uniq_grinder
D:5:      layout_rooms, overflow_temple_1_default, minmay_temple_entry_poolview,
          nrook_mini_vaults, corner_web_ring
D:6:      layout_cave_pools, slow_altar_1, lemuel_crystal_altar, tso_metal_star,
          kennysheep_mini, serial_undead, serial_undead_b, serial_undead_d,
          serial_undead_f, serial_undead_a, serial_undead_f, serial_undead_d,
          serial_undead_d, serial_shops, kennysheep_mini_moat,
          makhleb_heckhound_becter
D:7:      layout_rooms, gammafunk_ghost_arena, uniq_duvessa, uniq_pikel
D:8:      layout_rooms, overflow_temple_1_default, uniq_maurice, uniq_grum,
          uniq_harold, uniq_gastronok
D:9:      layout_roguey, lemuel_coloured_pillars_altar,
          due_lair_maze_entry_diamond, hiddenorc2_lemuel, serial_shops, shop,
          hangedman_little_slice_of_home, minmay_fractal_squares_gapless_5
D:10:     layout_long_grid
D:11:     layout_loops_ring
D:12:     layout_rooms
D:13:     layout_roguey, erik_vaults_2
D:14:     layout_small_grid, minmay_misc_feat_rugged,
          gammafunk_ghost_stat_death, uniq_azrael
D:15:     grunt_enter_depths_giant_problem, layout_small_grid, serial_shops,
          shop, solitary_fountain
Lair:1:   beast_lair_carwin_large_3, layout_cave_pods, gauntlet_entry_generic,
          basic_altar
Lair:2:   layout_layer_cave, special_room [special_room_bee], enter_volcano_3,
          worms_lemuel, minmay_lair_oklob_chamber, uniq_fannar, uniq_urug
Lair:3:   layout_gridlike
Lair:4:   beast_lair_carwin_large_2, layout_gridlike,
          minmay_shoals_entry_centaurs, nicolae_spider_entry_orb_guardian,
          lemuel_fruit_tree
Lair:5:   layout_cave_pods, slime_altar_2, nzn_random_ring, uniq_sonja
Lair:6:   gammafunk_lair_ancient_temple, layout_regular_city, uniq_josephine
Shoals:1: layout_shoals, dpeg_stationary_puzzle
Shoals:2: layout_shoals, serial_shops, nicolae_shop_behind_doors,
          nicolae_shop_stone, shop, nicolae_shoals_kraken_party
Shoals:3: layout_shoals, nicolae_shoals_aquamancer_cove, uniq_polyphemus
Spider:1: layout_spider_delve, uniq_aizul
Orc:1:    layout_caves, chequers_guarded_unrand_ignorance
Orc:2:    kennysheep_orc_mage_school, layout_caves, ebering_ghost_rock_garden,
          mines1_david, uniq_donald

Skill      XL: |  1  2  3  4  5  6  7  8  9 10 11 12 13 14 15 16 17 |
---------------+----------------------------------------------------+-----
Fighting       | 1 2 3 5 7 10 12 13 14 16 | 16.0
Spellcasting   | 2 3 4 |  4.0
Short Blades   | 2 5 6 8 |  8.9
Throwing       | 1 2 4 6 7 |  7.8
Hexes          | 4 5 6 |  6.0
Long Blades    | 1 3 5 6 8 11 13 14 15 | 15.0
Invocations    | 1 2 3 4 6 9 12 | 12.0
Armour         | 2 4 5 6 10 13 14 | 14.0
Shields        | 1 3 5 7 |  7.0
Evocations     | 1 2 |  2.0
Dodging        | 2 3 7 |  7.8
Conjurations   | 1 2 4 |  4.0
Stealth        | 3 |  3.0
Slings         | 3 4 6 |  6.1

Action                   |  1- 3 |  4- 6 |  7- 9 | 10-12 | 13-15 | 16-18 || total
-------------------------+-------+-------+-------+-------+-------+-------++-------
Melee: Dagger            |   143 |   141 |       |       |       |       ||   284
       Long sword        |       |     1 |   234 |   624 |  1096 |   340 ||  2295
       Rapier            |       |       |       |       |    34 |       ||    34
       Double sword      |       |       |       |       |    92 |   383 ||   475
       Scimitar          |       |       |       |       |       |     5 ||     5
 Fire: Fustibalus        |       |       |       |       |   605 |   620 ||  1225
Throw: Stone             |    30 |    35 |    22 |     3 |       |       ||    90
       Dart              |       |     6 |     7 |    35 |     5 |     3 ||    56
       Boomerang         |       |    13 |    16 |    53 |    79 |       ||   161
       Javelin           |       |       |    11 |    18 |    23 |       ||    52
       Throwing net      |       |       |       |     1 |     4 |     2 ||     7
 Cast: Corona            |    34 |    35 |    39 |    18 |       |     1 ||   127
       Tukima's Dance    |       |       |     1 |       |       |       ||     1
Invok: Heroism           |       |       |     7 |    24 |    26 |    10 ||    67
       Finesse           |       |       |       |     7 |     9 |    14 ||    30
 Abil: Evoke Flight      |       |       |       |       |       |     1 ||     1
Evoke: Wand              |       |       |       |     5 |    19 |     1 ||    25
  Use: Scroll            |     6 |     7 |     5 |    16 |    17 |    12 ||    63
       Potion            |       |     5 |     2 |     9 |     2 |     4 ||    22
 Stab: Sleeping          |     2 |     1 |       |     1 |     1 |       ||     5
       Invisible         |       |       |       |     5 |       |       ||     5
       Held in net/web   |       |       |       |     2 |     5 |       ||     7
       Distracted        |       |       |       |     1 |       |       ||     1
       Confused          |       |       |       |       |       |     1 ||     1
  Eat: Chunk             |     3 |     4 |    12 |    13 |    33 |    11 ||    76
       Ration            |     1 |     1 |       |     2 |    10 |     9 ||    23
Armor: Robe              |    27 |    15 |    29 |    51 |       |       ||   122
       Skin              |       |     2 |       |       |       |       ||     2
       Leather armour    |       |       |     7 |    13 |   208 |       ||   228
       Chain mail        |       |       |       |       |    86 |   539 ||   625
Dodge: Dodged            |    92 |    61 |   209 |   309 |   640 |   403 ||  1714
Block: Buckler           |       |       |     1 |    95 |   197 |   196 ||   489
       Rpst.: Long sword |       |     1 |    72 |    77 |   120 |    33 ||   303
       Double sword      |       |       |       |       |    14 |    30 ||    44
       Scimitar          |       |       |       |       |       |     1 ||     1
